 Dungeon Crawl Stone Soup version 0.23-a0-350-g6fd5563 (webtiles) character file.

21 Garbasso the Sneak (level 2, -5/13 HPs)
             Began as a Spriggan Enchanter on Oct 20, 2018.
             Slain by a gnoll
             ... wielding a +0 spear
              (7 damage)
             ... on level 1 of the Dungeon.
             The game lasted 00:04:16 (1530 turns).

Garbasso the Sneak (Spriggan Enchanter)             Turns: 1530, Time: 00:04:17

Health: -5/13      AC:  2    Str:  4    XL:     2   Next: 65%
Magic:  5/7        EV: 19    Int: 16    God:
Gold:   90         SH:  0    Dex: 16    Spells: 4/7 levels left

rFire    . . .     SeeInvis +   a - +1 dagger
rCold    . . .     Gourm    .   (shield restricted)
rNeg     . . .     Faith    .   b - +0 robe
rPois    .         Spirit   .   (helmet restricted)
rElec    .         Reflect  .   (no cloak)
rCorr    .         Harm     .   (gloves unavailable)
MR       .....                  (boots unavailable)
Stlth    +++.......             (no amulet)
HPRegen  0.04/turn              (no ring)
MPRegen  0.10/turn              (no ring)

@: very quick
A: very small, unfitting armour, see invisible, herbivore, speed 3, slow
metabolism 2
a: no special abilities


You were on level 1 of the Dungeon.
You were not hungry.

You visited 1 branch of the dungeon, and saw 1 of its levels.

You collected 90 gold pieces.

Inventory:

Hand Weapons
 a - a +1 dagger (weapon)
Armour
 b - a +0 robe (worn)
Scrolls
 c - a scroll of fear {unknown}
 e - a scroll of blinking {unknown}
 f - a scroll of fog {unknown}
Potions
 g - 2 potions of berserk rage {unknown}
Comestibles
 d - 5 rations


   Skills:
 + Level 1.5 Short Blades
 + Level 3.4 Dodging
 + Level 4.8 Stealth
 + Level 3.0 Spellcasting
 * Level 4.0 Hexes


You had 4 spell levels left.
You knew the following spells:

 Your Spells              Type           Power        Failure   Level  Hunger
a - Corona                Hex            ###....      3%          1    #......
b - Ensorcelled Hibernat  Hex/Ice        #.....       12%         2    ##.....

Your spell library contained the following spells:

 Spells                   Type           Power        Failure   Level  Hunger
 Confuse                  Hex            ###.....     11%         3    ###....
 Tukima's Dance           Hex            ###.....     11%         3    ###....
 Dazzling Spray           Conj/Hex       #.....       24%         3    ###....


Dungeon Overview and Level Annotations

Branches:
Dungeon (1/15)

Altars:


Innate Abilities, Weirdness & Mutations

You are very small and have problems with some larger weapons.
You are too small for most types of armour.
You have supernaturally acute eyesight. (SInv)
You are a herbivore.
You cover ground extremely quickly.
You need to consume almost no food.


Message History

Aiming: Ensorcelled Hibernation (safe; 12% risk of failure)
Press: ? - help, Shift-Dir - straight line, f - gnoll
Aim: a gnoll, wielding a +0 spear (hasn't noticed you, chance to defeat MR: The gnoll shouts!
The gnoll looks drowsy...
The gnoll shouts!
The gnoll hits you with a +0 spear.
You are too injured to fight recklessly!
You are too injured to fight recklessly!
Casting: Ensorcelled Hibernation (safe; 12% risk of failure)
Confirm with . or Enter, or press ? or * to list all spells.
Aiming: Ensorcelled Hibernation (safe; 12% risk of failure)
Press: ? - help, Shift-Dir - straight line, f - you, p - gnoll That would be overly suicidal.
Okay, then.
You closely miss the gnoll. The gnoll hits you with a +0 spear.
* * * LOW HITPOINT WARNING * * *
The gnoll hits you from afar with a +0 spear!
Ouch! That really hurt!
You die...

..#....##......#####.#.....###.#.
...............#.#.....#.........
....#..#.#†##..#.#.......#.###.##
.......#.#.##..#.###.###.###.....
...............#.# #.............
.......##..#####.# #.###.#.#.####
..............[#.###.###.#.[.....
#########.###..#.............###.
...............#@............# #.
...........#......##)....#.######
########.#.#...##g##.#...........
.........#.#...............)...##
###......#.#..###.##.##.##.##....
###......#.#....#..............##
..'......#.....................##
###..................#.........##
# #....#####..#.####.#.####......


You could see a gnoll.

Vanquished Creatures
  2 bats (D:1)
  A giant cockroach (D:1)
  3 goblins (D:1)
  2 hobgoblins (D:1)
  2 jackals (D:1)
  3 kobolds (D:1)
  A ball python (D:1)
  A frilled lizard (D:1)
  4 rats (D:1)
19 creatures vanquished.

Notes
Turn   | Place    | Note
-------+----------+-------------------------------------------
     0 | D:1      | Garbasso the Spriggan Enchanter began the quest for the
                  | Orb.
     0 | D:1      | Reached XP level 1. HP: 9/9 MP: 5/5
   885 | D:1      | Reached XP level 2. HP: 13/13 MP: 6/6
   889 | D:1      | Learned a level 2 spell: Ensorcelled Hibernation
  1530 | D:1      | Slain by a gnoll

Vault maps used:
D:1:      giann_bridges, minmay_tromino_v4_b

Skill      XL: |  1  2 |
---------------+-------+-----
Spellcasting   | 3 |  3.0
Hexes          | 4 |  4.0
Short Blades   | |  1.5
Dodging        | |  3.4
Stealth        | |  4.8

Action                   || total
-------------------------++-------
Melee: Dagger            ||    59
 Cast: Corona            ||     2
       Ensorcelled Hiber ||    11
 Stab: Sleeping          ||    10
       Distracted        ||     1
Armor: Robe              ||    13
Dodge: Dodged            ||    52

Table legend:
 A = Non-vault XP
 B = Vault XP
 C = Vault XP percentage of total XP
 D = Non-vault monster count
 E = Vault monster count
 F = Vault count percentage of total count
                 A         B        C        D         E       F
            +---------+---------+-------+---------+---------+-------
      Total |      31 |       0 |   0.0 |      19 |       0 |   0.0
            +---------+---------+-------+---------+---------+-------
        D:1 |      31 |       0 |   0.0 |      19 |       0 |   0.0
            +---------+---------+-------+---------+---------+-------
